MID
AUGUSTA GREENJACKETS @ HARTFORD YARD GOATS
05/18/2049
 
TOP OF THE 1ST
Augusta GreenJackets batting - Pitching for Hartford Yard Goats : RHP Chu-ho Yi
Pitching: RHP Chu-ho Yi
Batting: SHB Zack Barton 0-0: SINGLE (Groundball, 4MS, EV 70.0 MPH) (infield hit)
Batting: LHB Bruce Arvizu 0-0: Called Strike
0-1: Ball
Zack Barton steals 2nd base
1-1: Called Strike
1-2: Ground out 4-3 (Groundball, 34, EV 88.1 MPH)
Zack Barton to third
Batting: LHB Sam Ogg 0-0: Ground out 4-3 (Groundball, 4, EV 101.9 MPH)
Zack Barton scores
Batting: SHB Ben Myers 0-0: Called Strike
0-1: Swinging Strike
0-2: Ball
1-2: Ground out 6-3 (Groundball, 4, EV 100.0 MPH)
Top of the 1st over - 1 run, 1 hit, 0 errors, 0 left on base; Augusta 1 - Hartford 0
BOTTOM OF THE 1ST
Hartford Yard Goats batting - Pitching for Augusta GreenJackets : LHP Mario Castro
Pitching: LHP Mario Castro
Batting: LHB Nick Martin 0-0: Ball
1-0: Foul Ball, location: 2F
1-1: Swinging Strike
1-2: Strikes out swinging
Batting: RHB Doug D'Onofrio 0-0: Called Strike
0-1: Ball
1-1: Ball
2-1: Foul Ball, location: 2F
2-2: Fly out, F4 (Popup, 4, EV 64.4 MPH)
Batting: RHB Chris Osting 0-0: Ball
1-0: Fly out, F9 (Flyball, 9, EV 91.9 MPH)
Bottom of the 1st over - 0 runs, 0 hits, 0 errors, 0 left on base; Augusta 1 - Hartford 0
TOP OF THE 2ND
Augusta GreenJackets batting - Pitching for Hartford Yard Goats : RHP Chu-ho Yi
Batting: RHB Frank Pena 0-0: Ball
1-0: Ball
2-0: Ground out 5-3 (Groundball, 15, EV 82.5 MPH)
Batting: RHB Aaron Burress 0-0: Ball
1-0: Foul Ball, location: 2F
1-1: Ball
2-1: Ball
3-1: Foul Ball, location: 2F
3-2: Foul Ball, location: 2F
3-2: SINGLE (Groundball, 6MD, EV 100.0 MPH)
Batting: RHB Nate Burkhalter 0-0: Ball
1-0: Called Strike
1-1: Fly out, F5 (Popup, 56, EV 63.8 MPH)
Batting: RHB Jake Shelton 0-0: Ball
Aaron Burress steals 2nd base
1-0: Foul Ball, location: 2F
1-1: Fly out, F8 (Flyball, 8RM, EV 92.5 MPH)
Top of the 2nd over - 0 runs, 1 hit, 0 errors, 1 left on base; Augusta 1 - Hartford 0
BOTTOM OF THE 2ND
Hartford Yard Goats batting - Pitching for Augusta GreenJackets : LHP Mario Castro
Batting: RHB Wali Mulogo 0-0: Called Strike
0-1: Ball
1-1: Ball
2-1: Foul Ball, location: 2F
2-2: Ball
3-2: Fly out, F7 (Flyball, 7LMF, EV 97.5 MPH)
Batting: RHB Ray Insley 0-0: Called Strike
0-1: Ball
1-1: Ball
2-1: Called Strike
2-2: Ball
3-2: Ground out 6-3 (Groundball, 6, EV 100.6 MPH)
Batting: RHB Josh Lofgreen 0-0: Ball
1-0: Called Strike
1-1: Ball
2-1: DOUBLE (Line Drive, 89D, EV 106.9 MPH)
Batting: RHB Manny Thompson 0-0: Ball
1-0: Ball
2-0: Called Strike
2-1: Ground out 4-3 (Groundball, 4M, EV 81.2 MPH)
Bottom of the 2nd over - 0 runs, 1 hit, 0 errors, 1 left on base; Augusta 1 - Hartford 0
TOP OF THE 3RD
Augusta GreenJackets batting - Pitching for Hartford Yard Goats : RHP Chu-ho Yi
Batting: RHB Gary Sampson 0-0: Ball
1-0: Swinging Strike
1-1: Ball
2-1: Ball
3-1: Called Strike
3-2: Base on Balls
Batting: SHB Zack Barton 0-0: SINGLE (Groundball, 34S, EV 70.6 MPH) (infield hit)
Gary Sampson to second
Batting: LHB Bruce Arvizu 0-0: Swinging Strike
0-1: Called Strike
0-2: Ball
1-2: DOUBLE (Line Drive, 7LM, EV 97.5 MPH)
Gary Sampson scores
Zack Barton to third
Batting: LHB Sam Ogg 0-0: Ball
1-0: Ball
2-0: Ball
3-0: Base on Balls
Batting: SHB Ben Myers 0-0: Foul Ball, location: 2F
0-1: SINGLE (Groundball, 6D, EV 101.2 MPH)
Zack Barton scores
Bruce Arvizu to third
Sam Ogg to second
Batting: RHB Frank Pena 0-0: Ball
1-0: Ball
2-0: Ball
3-0: Called Strike
3-1: Swinging Strike
3-2: Base on Balls
Bruce Arvizu scores
Sam Ogg to third
Ben Myers to second
Batting: RHB Aaron Burress 0-0: Ball
1-0: Ball
2-0: Ball
3-0: Base on Balls
Sam Ogg scores
Ben Myers to third
Frank Pena to second
Pitching: RHP Jerry Dunne
Batting: RHB Nate Burkhalter 0-0: Ball
1-0: Called Strike
1-1: SINGLE (Line Drive, 9S, EV 97.5 MPH)
Ben Myers scores
Frank Pena to third
Aaron Burress to second
Batting: RHB Jake Shelton 0-0: Ball
1-0: Called Strike
1-1: Foul Ball, location: 2F
1-2: Ball
2-2: Grounds into double play, U3-6 (Groundball, 3L, EV 111.2 MPH)
Frank Pena scores
Aaron Burress to third
Batting: RHB Gary Sampson 0-0: Foul Ball, location: 2F
0-1: Foul Ball, location: 2F
0-2: Strikes out swinging
Top of the 3rd over - 6 runs, 4 hits, 0 errors, 1 left on base; Augusta 7 - Hartford 0
BOTTOM OF THE 3RD
Hartford Yard Goats batting - Pitching for Augusta GreenJackets : LHP Mario Castro
Batting: LHB Harry Folsom 0-0: Foul Ball, location: 2F
0-1: Fly out, F8 (Line Drive, 89M, EV 92.5 MPH)
Batting: RHB Willie Benito 0-0: Called Strike
0-1: Hit by Pitch
Batting: LHB Nick Martin 0-0: Ball
1-0: Foul Ball, location: 2F
1-1: Ball
2-1: Ball
3-1: Called Strike
3-2: Foul Ball, location: 2F
3-2: DOUBLE (Flyball, 8RD, EV 93.1 MPH)
Willie Benito to third
Batting: RHB Doug D'Onofrio 0-0: Ball
1-0: Ball
2-0: DOUBLE (Line Drive, 8LXD, EV 105.6 MPH)
Willie Benito scores
Nick Martin scores
Batting: RHB Chris Osting 0-0: Ball
1-0: TRIPLE (Flyball, 9LD, EV 98.1 MPH)
Doug D'Onofrio scores
Batting: RHB Wali Mulogo 0-0: Foul Ball, location: 2F
0-1: Foul Ball, location: 2F
0-2: Ground out U3 (Groundball, 34, EV 103.8 MPH)
Chris Osting scores
Batting: RHB Ray Insley 0-0: Ball
1-0: Called Strike
1-1: Ground out 5-3 (Groundball, 56S, EV 85.0 MPH)
Bottom of the 3rd over - 4 runs, 3 hits, 0 errors, 0 left on base; Augusta 7 - Hartford 4
TOP OF THE 4TH
Augusta GreenJackets batting - Pitching for Hartford Yard Goats : RHP Jerry Dunne
Batting: SHB Zack Barton 0-0: SINGLE (Groundball, 25, EV 66.2 MPH) (infield hit)
Batting: LHB Bruce Arvizu 0-0: Called Strike
Zack Barton steals 2nd base
0-1: Swinging Strike
0-2: Strikes out swinging
Batting: LHB Sam Ogg 0-0: Ball
1-0: Ground out 4-3 (Groundball, 34, EV 103.1 MPH)
Zack Barton to third
Batting: SHB Ben Myers 0-0: Ball
1-0: Ball
2-0: Called Strike
2-1: Fly out, F7 (Flyball, 7D, EV 101.9 MPH)
Top of the 4th over - 0 runs, 1 hit, 0 errors, 1 left on base; Augusta 7 - Hartford 4
BOTTOM OF THE 4TH
Hartford Yard Goats batting - Pitching for Augusta GreenJackets : LHP Mario Castro
Batting: RHB Josh Lofgreen 0-0: Ball
1-0: Called Strike
1-1: SINGLE (Groundball, 56D, EV 111.2 MPH)
Batting: RHB Manny Thompson 0-0: Ground out 6-3 (Groundball, P, EV 87.5 MPH)
Josh Lofgreen to second
Batting: LHB Harry Folsom 0-0: Ball
1-0: Ball
2-0: SINGLE (Groundball, 34D, EV 94.4 MPH)
Josh Lofgreen to third
Runner from 3rd tries for Home, SAFE, throw by RF to home
Pitching: RHP Dave Baber
Batting: RHB Willie Benito 0-0: Ball
1-0: Called Strike
1-1: Ball
2-1: Called Strike
2-2: DOUBLE (Line Drive, 9LD, EV 105.6 MPH)
Harry Folsom to third
Runner from 3rd tries for Home, throw by RF and OUT! 9-4-2
Willie Benito to third
Batting: LHB Nick Martin 0-0: Called Strike
0-1: Called Strike
0-2: Ball
1-2: Strikes out swinging
Bottom of the 4th over - 1 run, 3 hits, 0 errors, 1 left on base; Augusta 7 - Hartford 5
TOP OF THE 5TH
Augusta GreenJackets batting - Pitching for Hartford Yard Goats : RHP Jerry Dunne
Batting: RHB Frank Pena 0-0: Ball
1-0: Ball
2-0: Foul Ball, location: 2F
2-1: Foul Ball, location: 2F
2-2: Foul Ball, location: 2F
2-2: Fly out, F8 (Line Drive, 8LM, EV 91.2 MPH)
Batting: RHB Aaron Burress 0-0: Foul Ball, location: 2F
0-1: Ball
1-1: Ball
2-1: Ground out 5-3 (Groundball, 5, EV 91.2 MPH)
Batting: RHB Nate Burkhalter 0-0: Swinging Strike
0-1: Ball
1-1: Fly out, F7 (Flyball, 78M, EV 90.6 MPH)
Top of the 5th over - 0 runs, 0 hits, 0 errors, 0 left on base; Augusta 7 - Hartford 5
BOTTOM OF THE 5TH
Hartford Yard Goats batting - Pitching for Augusta GreenJackets : RHP Dave Baber
Batting: RHB Doug D'Onofrio 0-0: Ball
1-0: Ball
2-0: Ball
3-0: Called Strike
3-1: Base on Balls
Batting: RHB Chris Osting 0-0: Reached on error, E5 (Groundball, 56, EV 85.0 MPH)
Doug D'Onofrio to second
Batting: RHB Wali Mulogo 0-0: Called Strike
0-1: Ball
1-1: DOUBLE (Line Drive, 89D, EV 109.4 MPH)
Doug D'Onofrio scores
Chris Osting to third
Batting: RHB Ray Insley 0-0: Ball
1-0: 3-RUN HOME RUN (Flyball, 7LD, EV 96.2 MPH), Distance : 355 ft
Pitching: RHP Adam Browne
Batting: RHB Josh Lofgreen 0-0: Ball
1-0: Ball
2-0: Swinging Strike
2-1: SINGLE (Groundball, 34D, EV 105.0 MPH)
Batting: RHB Manny Thompson 0-0: Ball
1-0: Ball
2-0: Fielders Choice at 2nd, 4-6 (Groundball, 4, EV 100.0 MPH)
Batting: LHB Harry Folsom 0-0: Called Strike
0-1: Called Strike
0-2: Grounds into double play, 6-4-3 (Groundball, 6, EV 80.0 MPH)
Bottom of the 5th over - 4 runs, 3 hits, 1 error, 0 left on base; Augusta 7 - Hartford 9
TOP OF THE 6TH
Augusta GreenJackets batting - Pitching for Hartford Yard Goats : RHP Jerry Dunne
Batting: RHB Jake Shelton 0-0: Bunt for hit to P - play at first, batter OUT! 1-3
Batting: RHB Gary Sampson 0-0: Ball
1-0: Foul Ball, location: 2F
1-1: Ball
2-1: Ball
3-1: Base on Balls
Pitching: RHP Wilson Mendez
Batting: SHB Zack Barton 0-0: Called Strike
0-1: Foul Ball, location: 2F
0-2: Strikes out swinging
Batting: LHB Bruce Arvizu 0-0: Ball
1-0: Called Strike
1-1: Ball
Gary Sampson is caught stealing 2nd base 2-6
Top of the 6th over - 0 runs, 0 hits, 0 errors, 0 left on base; Augusta 7 - Hartford 9
BOTTOM OF THE 6TH
Hartford Yard Goats batting - Pitching for Augusta GreenJackets : RHP Adam Browne
Batting: RHB Willie Benito 0-0: Called Strike
0-1: Ground out 6-3 (Groundball, 6, EV 88.1 MPH)
Batting: LHB Nick Martin 0-0: Called Strike
0-1: Ball
1-1: Called Strike
1-2: Ball
2-2: Foul Ball, location: 2F
2-2: Foul Ball, location: 2F
2-2: Strikes out looking
Batting: RHB Doug D'Onofrio 0-0: Swinging Strike
0-1: Ball
1-1: Ball
2-1: Called Strike
2-2: Ball
3-2: Strikes out swinging
Bottom of the 6th over - 0 runs, 0 hits, 0 errors, 0 left on base; Augusta 7 - Hartford 9
TOP OF THE 7TH
Augusta GreenJackets batting - Pitching for Hartford Yard Goats : RHP Wilson Mendez
Pitching: LHP Rafael Lozano
Batting: LHB Bruce Arvizu 0-0: Ground out 6-3 (Groundball, 6, EV 82.5 MPH)
Batting: LHB Sam Ogg 0-0: Called Strike
0-1: Swinging Strike
0-2: Strikes out swinging
Pitching: RHP Curt De Kock
Batting: SHB Ben Myers 0-0: Fly out, F7 (Flyball, 78M, EV 86.2 MPH)
Top of the 7th over - 0 runs, 0 hits, 0 errors, 0 left on base; Augusta 7 - Hartford 9
BOTTOM OF THE 7TH
Hartford Yard Goats batting - Pitching for Augusta GreenJackets : RHP Adam Browne
Batting: RHB Chris Osting 0-0: Ball
1-0: Ball
2-0: Foul Ball, location: 2F
2-1: Swinging Strike
2-2: Ball
3-2: Fly out, F7 (Line Drive, 78M, EV 99.4 MPH)
Batting: RHB Wali Mulogo 0-0: Ball
1-0: Called Strike
1-1: Ball
2-1: Ball
3-1: Base on Balls
Batting: RHB Ray Insley 0-0: Foul Ball, location: 2F
0-1: 2-RUN HOME RUN (Flyball, 7D, EV 99.4 MPH), Distance : 376 ft
Batting: RHB Josh Lofgreen 0-0: Ball
1-0: Ball
2-0: Ball
3-0: Called Strike
3-1: Foul Ball, location: 2F
3-2: Fly out, F9 (Line Drive, 9S, EV 111.2 MPH)
Batting: RHB Manny Thompson 0-0: Called Strike
0-1: Called Strike
0-2: Ball
1-2: Foul Ball, location: 2F
1-2: Strikes out swinging
Bottom of the 7th over - 2 runs, 1 hit, 0 errors, 0 left on base; Augusta 7 - Hartford 11
TOP OF THE 8TH
Augusta GreenJackets batting - Pitching for Hartford Yard Goats : RHP Curt De Kock
Batting: RHB Frank Pena 0-0: Ball
1-0: Ball
2-0: Ground out 6-3 (Groundball, 6, EV 101.9 MPH)
Batting: RHB Aaron Burress 0-0: Ground out 6-3 (Groundball, 6, EV 81.2 MPH)
Batting: RHB Nate Burkhalter 0-0: Ball
1-0: Swinging Strike
1-1: Swinging Strike
1-2: Foul Ball, location: 2F
1-2: Foul Ball, location: 2F
1-2: Ball
2-2: Foul Ball, location: 2F
2-2: Ball
3-2: Base on Balls
Batting: RHB Jake Shelton 0-0: Called Strike
0-1: Ball
1-1: Ball
2-1: Ball
3-1: Base on Balls
Nate Burkhalter to second
Batting: RHB Gary Sampson 0-0: Ball
1-0: Ball
2-0: Ball
3-0: Base on Balls
Nate Burkhalter to third
Jake Shelton to second
Batting: SHB Zack Barton 0-0: Called Strike
0-1: Fly out, F9 (Line Drive, 9S, EV 85.6 MPH)
Top of the 8th over - 0 runs, 0 hits, 0 errors, 3 left on base; Augusta 7 - Hartford 11
BOTTOM OF THE 8TH
Hartford Yard Goats batting - Pitching for Augusta GreenJackets : RHP Adam Browne
Pitching: RHP Hiroaki Yazawa
Batting: LHB Harry Folsom 0-0: Ball
1-0: Swinging Strike
1-1: Foul Ball, location: 2F
1-2: Ball
2-2: Fly out, F2 (Popup, 25F, EV 83.8 MPH)
Batting: RHB Willie Benito 0-0: Ball
1-0: Ground out 5-3 (Groundball, 56, EV 80.6 MPH)
Batting: LHB Nick Martin 0-0: Ball
1-0: Swinging Strike
1-1: Ball
2-1: Foul Ball, location: 2F
2-2: Ball
3-2: Base on Balls
Batting: RHB Doug D'Onofrio 0-0: Called Strike
0-1: Ball
Nick Martin steals 2nd base
1-1: Ground out 4-3 (Groundball, 4, EV 86.2 MPH)
Bottom of the 8th over - 0 runs, 0 hits, 0 errors, 1 left on base; Augusta 7 - Hartford 11
TOP OF THE 9TH
Augusta GreenJackets batting - Pitching for Hartford Yard Goats : RHP Curt De Kock
Pitching: RHP Travis Palmisano
Batting: LHB Bruce Arvizu 0-0: Ball
1-0: Foul Ball, location: 2F
1-1: Ball
2-1: Called Strike
2-2: Ball
3-2: Base on Balls
Batting: LHB Sam Ogg 0-0: Ball
1-0: Swinging Strike
1-1: Called Strike
1-2: Foul Ball, location: 2F
1-2: Ball
2-2: Fly out, F6 (Popup, 6MD, EV 65.6 MPH)
Batting: SHB Ben Myers 0-0: Fly out, F7 (Flyball, 78M, EV 94.4 MPH)
Batting: RHB Frank Pena 0-0: Ground out 1-3 (Groundball, 13, EV 75.6 MPH)
Top of the 9th over - 0 runs, 0 hits, 0 errors, 1 left on base; Augusta 7 - Hartford 11
Sunday, July 16th , 2023 - OOTP Baseball 24.6 Build 69